[Event "8th Ali Ipek Tournament 2020"]
[Site "Ankara"]
[Date "2020.03.04"]
[Round "1.5"]
[White "Ozkaner, Mehmet Kerem"]
[Black "Akin, Yagiz Cinar"]
[Result "0-1"]
[ECO "B07"]
[WhiteElo "1216"]
[BlackElo "1861"]
[Annotator "NA RC"]
[PlyCount "128"]
[EventDate "2020.03.04"]
[EventType "swiss"]
[EventCountry "TUR"]
[SourceTitle "playchess.com"]
[Source "ChessBase"]
[SourceQuality "1"]
[TimeControl "5400+30"]

1. e4 g6 2. d4 Bg7 3. Nf3 d6 4. Bd3 Nf6 5. O-O O-O 6. h3 c5 7. c3 Qc7 8. Be3 a6 {[%emt 0:03:30] B07: Pirc Defence: Miscellaneous Systems.} 9. a4 b6 10. Nbd2 Bb7 11. d5 {[%emt 0:01:30] [#]} e6 $146 ({Predecessor:} 11... Nbd7 12. c4 Nh5 13. Rb1 Ne5 14. Be2 Nxf3+ 15. Nxf3 Nf6 16. Qc2 Bc8 17. Bf4 e5 18. dxe6 Bxe6 {1-0 (38) Perry,R (2005)-Wolstencroft,A Auckland 2016}) 12. c4 Nbd7 13. Ng5 exd5 14. exd5 Ne5 15. Bc2 b5 16. b3 Rfe8 17. Rb1 h6 (17... bxa4 $15 18. bxa4 a5) 18. Ngf3 Nfd7 19. Nxe5 Nxe5 20. Re1 Nd7 21. Bd3 ({White should try} 21. Ne4 $14) 21... Re7 22. Bf4 Ne5 23. Bxe5 Rxe5 24. Rxe5 dxe5 25. f3 f5 26. Kh1 Qe7 27. Qe2 Qg5 28. Re1 Rf8 29. Qe3 (29. axb5 $16 axb5 30. cxb5) 29... Qh4 (29... Qxe3 $11 30. Rxe3 bxc4 31. bxc4 Rb8) 30. Rf1 {Black should try} Rc8 $11 31. Qe2 (31. cxb5 $16 axb5 32. Bxb5) 31... Kh8 32. Qe3 h5 33. Nb1 ({Better is} 33. cxb5 $14 axb5 34. Bxb5) 33... Qd4 34. Qxd4 cxd4 35. Na3 (35. Re1 $11) 35... b4 (35... bxc4 $17 36. bxc4 Bf8) 36. Nc2 a5 37. Re1 {[%emt 0:00:29] [#]} (37. g4 $11 {keeps the balance.}) 37... Rd8 (37... h4 $1 $17) 38. Re2 Bf6 (38... h4 $17) 39. Re1 {[%emt 0:01:40] [#]} (39. g4 $1 $11) 39... Kg7 (39... h4 $1 $17 40. Re2 Kg8) 40. g3 Kh6 41. Kg2 Bc8 42. Re2 h4 (42... g5 $15 43. Rf2 Kg7) 43. g4 Kg5 44. Ne1 Kh6 45. Kh2 (45. f4 $14 exf4 46. gxf5) 45... e4 {[%emt 0:00:35] [#]} ({Black should try} 45... Bg5 $15) 46. fxe4 (46. g5+ $1 $11 {[%mdl 512] remains equal.} Kxg5 (46... Bxg5 47. fxe4) 47. fxe4) 46... Be5+ 47. Kg2 $2 ({White should play} 47. Kh1 $1 $15 fxg4 48. Rf2) 47... fxg4 48. hxg4 {[%emt 0:00:16] [#]} Bxg4 $2 ({Better is} 48... Rf8 $1 $19 49. Kg1 Bxg4) 49. Rd2 $2 (49. Rf2 $15) 49... h3+ 50. Kh1 Bg3 51. Nc2 Bf3+ $2 (51... Rf8 $19 {is more deadly.} 52. Nxd4 Be5) 52. Kg1 {[%emt 0:00:07] [#]} Be5 $2 (52... Rf8 $1 $19 {is more deadly.} 53. Nxd4 Bg4) 53. c5 $2 (53. Rf2 $17 {was called for.} Rf8 54. Ne1 h2+ 55. Rxh2+ Bxh2+ 56. Kxh2) 53... Rc8 $2 ({Black should try} 53... Bg4 $19 54. Bb5 Rc8) 54. c6 $2 (54. Ne1 $1 $15 Bh5 55. c6) 54... g5 55. Ne1 Bg4 $2 (55... g4 $19 56. Nxf3 gxf3) 56. Rc2 $2 {[%emt 0:00:36] [#]} (56. Be2 $11 h2+ 57. Kh1) 56... Kg7 $1 57. Ba6 Rc7 $2 (57... Ra8 $19 58. Bf1 Rf8) 58. Rc5 $2 (58. Nd3 $11 Bg3 59. Nf2) 58... d3 59. Nxd3 h2+ 60. Kf2 Rf7+ 61. Ke3 h1=Q 62. Nxe5 Qg1+ 63. Kd3 Qxc5 64. Nxf7 Qc3# 0-1

[Event "8th Ali Ipek Tournament 2020"]
[Site "Ankara"]
[Date "2020.03.04"]
[Round "1.8"]
[White "Celik, Berkay"]
[Black "Erdem, Emirhan"]
[Result "1/2-1/2"]
[ECO "D58"]
[WhiteElo "1870"]
[BlackElo "1281"]
[Annotator "NA RC"]
[PlyCount "158"]
[EventDate "2020.03.04"]
[EventType "swiss"]
[EventCountry "TUR"]
[SourceTitle "playchess.com"]
[Source "ChessBase"]
[SourceQuality "1"]
[TimeControl "5400+30"]

1. d4 d5 2. c4 e6 3. Nc3 Nf6 4. Bg5 Be7 5. Nf3 h6 6. Bh4 O-O 7. e3 Nbd7 8. Bd3 c5 9. O-O b6 10. Rc1 Bb7 11. Ne5 {[%emt 0:00:30] [#] D58: Queen's Gambit Declined: Tartakower Defence.} Nxe5 $146 ({Predecessor:} 11... Rc8 12. b3 Nxe5 13. dxe5 Ne4 14. Bxe4 dxe4 15. Bxe7 Qxe7 16. Qg4 Qc7 17. Qg3 Bc6 18. Rcd1 Rfd8 {1-0 (58) Aysoy,V (1933)-Yalcindag,H (1417) Antalya 2019}) 12. dxe5 Nd7 13. Bxe7 Qxe7 14. f4 a6 15. cxd5 exd5 16. Bf5 d4 17. exd4 cxd4 18. Qxd4 Nc5 19. b4 Rad8 20. Qe3 Ne6 21. Qxb6 Rd2 22. Bh3 (22. Rc2 $16 Rfd8 23. Rxd2 Rxd2 24. Be4 Bxe4 25. Nxe4) 22... Rfd8 23. a3 R8d3 (23... R8d4 $5 24. g3 Nxf4 25. Rxf4 Qxe5 26. Qxb7 Rxf4 $14) 24. g3 (24. Rcd1 $1 $11) 24... Nd4 25. Rf2 Nf3+ 26. Rxf3 (26. Kf1 $1 $15) 26... Rxf3 (26... Bxf3 $17 27. e6 Bb7) 27. Nb1 Rb2 28. Qd4 $2 {[%emt 0:08:30] [#]} (28. Qd6 $1 $11 {and White is okay.} Qxd6 29. exd6) 28... Rff2 $1 29. Qxf2 Rxf2 30. Kxf2 Qd8 31. Ke2 {[%emt 0:14:00] [#]} Qd5 (31... g5 $1 $19 32. Nd2 gxf4 33. gxf4 Qh4) 32. Nd2 a5 33. Ke3 axb4 34. axb4 Qb5 (34... Qa2 $17 35. Rb1 Qa7+ 36. Ke2 Qd4) 35. Rc4 Qb6+ 36. Rd4 Qc7 37. Bf5 g6 38. Bd3 Qe7 39. Ne4 g5 40. Nc5 ({Better is} 40. Nd6 $16) 40... Bg2 41. Rd7 gxf4+ 42. gxf4 Qh4 43. b5 $2 (43. e6 $17 {is a better chance.} Qe1+ 44. Be2 fxe6 45. Nxe6 Qg1+ 46. Kd2) 43... Qe1+ 44. Kd4 Qb4+ 45. Bc4 Qb2+ 46. Ke3 Qc3+ {[%emt 0:00:30] Double Attack} 47. Bd3 Qxc5+ 48. Ke2 Bh3 49. Rd6 Bg4+ 50. Kd2 Qb4+ 51. Ke3 Qe1+ 52. Kd4 Qf2+ 53. Kc3 Qxf4 54. Rd5 Qc1+ 55. Kb4 Qb2+ 56. Kc5 Be6 57. Rd4 Qa3+ 58. Kb6 Qc3 59. Rd8+ Kg7 60. Ka6 Qa3+ 61. Kb6 Qe7 62. Rd6 f6 63. exf6+ Kxf6 64. Rc6 Qd8+ {[%emt 0:00:30] Double Attack} 65. Ka7 Qxd3 66. b6 Qa3+ 67. Kb8 Qf8+ 68. Ka7 Qe7+ 69. b7 Kf7 70. Kb6 Qd8+ 71. Ka7 Bd5 72. Rxh6 Qa5+ 73. Ra6 {[%emt 0:00:30] [#]} Qc7 $1 74. Rb6 Bc6 $2 {[%emt 0:00:30] [#]} (74... Ke8 $19 75. h4 Kd7 76. Rb2 Qa5+ 77. Kb8 Be4 78. Rb3 Qd5 79. Rb6 Qe5+ 80. Ka7 Qa5+ 81. Ra6 Qc5+ 82. Rb6 Bd3 83. h5 Qa5+ 84. Ra6 Qxa6+ 85. Kb8 Be4 86. h6 Qxb7#) 75. Rxc6 $1 Qxc6 76. b8=Q Qa4+ 77. Kb7 Qb5+ 78. Kc7 $11 Qxb8+ 79. Kxb8 Kg6 1/2-1/2

[Event "8th Ali Ipek Tournament 2020"]
[Site "Ankara"]
[Date "2020.03.04"]
[Round "1.9"]
[White "Bakircay, Yakup"]
[Black "Alkan, Ferman"]
[Result "0-1"]
[ECO "C11"]
[WhiteElo "1388"]
[BlackElo "1858"]
[Annotator "NA RC"]
[PlyCount "98"]
[EventDate "2020.03.04"]
[EventType "swiss"]
[EventCountry "TUR"]
[SourceTitle "playchess.com"]
[Source "ChessBase"]
[SourceQuality "1"]
[TimeControl "5400+30"]

1. e4 Nf6 2. Nc3 d5 3. e5 Nfd7 4. f4 e6 5. Nf3 c5 6. d4 Nc6 7. Be3 Be7 8. Qd2 O-O 9. Bd3 {[%emt 0:00:30] C11: French: Classical System: 4 e5 and 4 Bg5 dxe4.} f6 10. exf6 Bxf6 {[%emt 0:00:30] [#]} 11. dxc5 $146 ({Predecessor:} 11. Bb5 $11 {remains equal.} cxd4 12. Nxd4 Nxd4 13. Bxd4 Nb6 14. O-O-O Bd7 15. Qe3 Rc8 16. Rhe1 Rxc3 17. Qxc3 Bxb5 18. Rxe6 Bxd4 19. Qxd4 {½-½ (59) Bologan,V (2712)-Short,N (2698) Poikovsky 2012}) 11... d4 12. Nxd4 Nxd4 13. Bxd4 Bxd4 14. Bxh7+ Kxh7 15. Qxd4 Qf6 16. Qxf6 Rxf6 17. O-O Nxc5 18. Rad1 a5 19. Rd8 b6 20. Nb5 Bb7 21. Rxa8 Bxa8 22. Nc7 (22. g3 $17) 22... Bc6 23. Re1 Kg8 ({Don't do} 23... Rxf4 24. Nxe6 Nxe6 25. Rxe6 $19) 24. g3 g5 25. f5 exf5 26. Ne8 Rh6 27. a3 Kf7 28. Nc7 a4 29. Rd1 f4 30. gxf4 gxf4 31. Nd5 Rd6 32. Nc3 Rg6+ 33. Kf1 Ke6 34. Rd2 Kf5 35. Rf2 f3 36. Ke1 Kf4 37. Ne2+ Ke3 38. Ng3 {[%emt 0:00:00] [#]} Rxg3 $1 39. hxg3 {[%emt 0:00:00] [#]} Ne4 $1 {[%emt 0:00:30] Double Attack} 40. Rxf3+ Kxf3 41. g4 Ke3 42. Kd1 Nf2+ 43. Kc1 Nxg4 44. b3 Nf6 45. Kd1 $19 Kd4 46. Kc1 Kc3 47. Kb1 axb3 48. cxb3 Kxb3 49. a4 Bxa4 0-1

[Event "8th Ali Ipek Tournament 2020"]
[Site "Ankara"]
[Date "2020.03.04"]
[Round "1.10"]
[White "Caberoglu, Arda"]
[Black "Unlu, Muhammet Ali"]
[Result "1-0"]
[ECO "C14"]
[WhiteElo "1784"]
[BlackElo "1290"]
[Annotator "NA RC"]
[PlyCount "56"]
[EventDate "2020.03.04"]
[EventType "swiss"]
[EventCountry "TUR"]
[SourceTitle "playchess.com"]
[Source "ChessBase"]
[SourceQuality "1"]
[TimeControl "5400+30"]

1. e4 e6 2. d4 d5 3. Nc3 Nf6 4. Bg5 Be7 5. e5 Nfd7 6. Bxe7 Qxe7 7. f4 c5 8. Nf3 Nc6 9. Bd3 a6 10. O-O c4 11. Be2 O-O 12. f5 f6 13. fxe6 Nb6 14. exf6 Rxf6 15. Qd2 Bxe6 16. Ng5 Raf8 17. Rxf6 Rxf6 18. Nxe6 Qxe6 19. Bf3 Ne7 20. Re1 Qd7 21. a4 Re6 22. a5 Na8 23. Rxe6 Qxe6 24. Kf2 Nc7 25. Qf4 Qd7 26. Qg5 Kf8 27. Ne2 Ne6 28. Qe5 Qc7 1-0

[Event "8th Ali Ipek Tournament 2020"]
[Site "Ankara"]
[Date "2020.03.04"]
[Round "1.11"]
[White "Cicekli, Ruzgar"]
[Black "Ozsac, Samet Harun"]
[Result "0-1"]
[ECO "E90"]
[WhiteElo "1218"]
[BlackElo "1844"]
[Annotator "NA RC"]
[PlyCount "98"]
[EventDate "2020.03.04"]
[EventType "swiss"]
[EventCountry "TUR"]
[SourceTitle "playchess.com"]
[Source "ChessBase"]
[SourceQuality "1"]
[TimeControl "5400+30"]

1. d4 Nf6 2. c4 g6 3. Nc3 Bg7 4. e4 d6 5. Nf3 Bg4 6. Be2 Nfd7 7. O-O {[%emt 0:01:30] E90: King's Indian: Classical: Early deviations and 6 h3.} Bxf3 8. Bxf3 Nc6 9. Be3 e5 10. d5 Nd4 11. Bxd4 exd4 12. Nb5 {[%emt 0:00:00] [#]} d3 $146 ({Predecessor:} 12... Ne5 13. Be2 d3 14. Bxd3 Nxd3 15. Qxd3 Bxb2 16. Rab1 Be5 17. f4 Bg7 {0-1 (49) Contreras Rodriguez,F (1904)-Coronado Paulino,K (1773) Santo Domingo 2016}) 13. Qxd3 Bxb2 14. Rab1 Bg7 15. Nd4 Nc5 16. Qe3 O-O 17. Nb3 Nxb3 18. Rxb3 b6 19. Bd1 Re8 20. Qf4 Re5 21. Re3 Qd7 22. Qg3 a5 23. a4 Rae8 24. Bc2 R5e7 25. f4 $2 (25. Qf4 $11 {and White is okay.}) 25... Bd4 26. f5 $2 (26. Kh1 Bxe3 27. Qxe3) 26... Bxe3+ $2 (26... Rxe4 27. Bxe4 Rxe4 {[%mdl 64] Pin}) 27. Qxe3 Re5 28. Qh6 Qe7 29. f6 Qf8 30. Qf4 h5 31. Rf3 Kh7 32. g4 (32. Kf2 {was called for.}) 32... Qh6 33. Kg2 hxg4 34. Qxh6+ Kxh6 35. Rf4 g5 36. Rxg4 Kg6 37. Rg3 Kxf6 38. Rh3 Kg7 39. Kf3 Rh8 40. Rxh8 Kxh8 41. Ke3 f5 42. Kd4 fxe4 43. Bxe4 Kg7 44. h3 Kf6 45. Bf3 Kf5 46. Bg4+ Kf4 47. Be6 Re1 $19 48. Kc3 Kg3 49. Kb3 Rh1 0-1

[Event "8th Ali Ipek Tournament 2020"]
[Site "Ankara"]
[Date "2020.03.04"]
[Round "1.12"]
[White "Ozates, Mert"]
[Black "Ozer, Nazlican"]
[Result "1-0"]
[ECO "C92"]
[WhiteElo "1810"]
[BlackElo "1474"]
[Annotator "NA RC"]
[PlyCount "69"]
[EventDate "2020.03.04"]
[EventType "swiss"]
[EventCountry "TUR"]
[SourceTitle "playchess.com"]
[Source "ChessBase"]
[SourceQuality "1"]
[TimeControl "5400+30"]

1. e4 e5 2. Nf3 Nc6 3. Bb5 a6 4. Ba4 Nf6 5. O-O Be7 6. Re1 b5 7. Bb3 O-O 8. h3 d6 9. c3 Bb7 {[%emt 0:00:30] 9...Nb8 is setting a new trend. Played by Liren Ding in December 2019.} 10. d4 Rc8 {[%emt 0:03:30] C92: Closed Ruy Lopez: 9...Be6, Karpov and Flohr-Zaitsev Variations.} 11. Nbd2 exd4 12. cxd4 Na5 {[%emt 0:03:30] [#]} 13. Bc2 $1 c5 14. d5 Re8 15. b3 {[%emt 0:07:30] [#]} Nd7 $146 ({Predecessor:} 15... g6 16. Rb1 Bf8 17. Nf1 Bg7 18. Bb2 Rc7 19. Qd2 Rce7 20. Ng3 Bc8 21. Bc3 b4 {½-½ (41) Valinova,J (2361)-Nedoma,P (2403) ICCF email 2010}) 16. Nf1 Bf6 17. Rb1 Ba8 (17... Ne5 $142) 18. Ng3 g6 19. Bf4 Qc7 20. Qd2 b4 21. Qd3 c4 22. bxc4 Nxc4 23. Bb3 Na3 24. Rbc1 Bc3 (24... Nc5 $11 {remains equal.} 25. Rxc5 Qxc5) 25. Rf1 Nc5 26. Qe2 (26. Rxc3 $11 {remains equal.} bxc3 27. Qxc3) 26... Nxb3 27. axb3 Bxd5 {[%emt 0:00:00] Pin} 28. Qxa6 ({Better is} 28. Nd4) 28... Bxb3 29. Rxc3 (29. Bxd6 $17 Qc4 30. Qa5) 29... Qxc3 30. Qxd6 Red8 $2 ({Black should play} 30... Rcd8 $19 31. Qb6 Nc4) 31. Qe7 Rd1 $2 (31... Re8 $11 {and Black has nothing to worry.} 32. Qh4 Bc2) 32. Be5 (32. Rxd1 $142 Bxd1 33. Ne5) 32... Rxf1+ 33. Nxf1 Qc5 $2 (33... Qc6) 34. Qf6 Qf8 35. Qh8# 1-0

[Event "8th Ali Ipek Tournament 2020"]
[Site "Ankara"]
[Date "2020.03.04"]
[Round "1.14"]
[White "Alkan, Omer Tarik"]
[Black "Korkut, Kadri"]
[Result "1-0"]
[ECO "B21"]
[WhiteElo "1757"]
[BlackElo "1368"]
[Annotator "NA RC"]
[PlyCount "75"]
[EventDate "2020.03.04"]
[EventType "swiss"]
[EventCountry "TUR"]
[SourceTitle "playchess.com"]
[Source "ChessBase"]
[SourceQuality "1"]
[TimeControl "5400+30"]

1. e4 c5 2. Nf3 e6 3. d4 cxd4 4. c3 dxc3 5. Nxc3 a6 6. Bc4 b5 7. Bb3 Bb7 8. O-O d6 9. Bf4 Be7 10. Qe2 Nf6 11. Rfd1 Nbd7 12. Bxd6 O-O 13. e5 Ne8 14. Ne4 Bxe4 15. Qxe4 Nxd6 16. exd6 Bf6 17. Rac1 Rc8 18. Bc2 g6 19. b4 Qb6 20. Bb3 Rxc1 21. Rxc1 Qxd6 22. Rc6 Qb8 23. Rxa6 Ne5 24. Nxe5 Bxe5 25. g3 Rc8 26. Kg2 Qc7 27. Rxe6 Bc3 28. Re7 Qc6 29. Qxc6 Rxc6 30. Rxf7 Kh8 31. Rb7 Bxb4 32. Rxb5 Be1 33. Rb7 Rf6 34. f3 Rd6 35. h4 h6 36. Re7 Rd2+ 37. Kh3 Rd3 38. Rxe1 1-0

[Event "8th Ali Ipek Tournament 2020"]
[Site "Ankara"]
[Date "2020.03.04"]
[Round "1.15"]
[White "Babagil, Emre"]
[Black "Ercan, Mehmet Fahri"]
[Result "0-1"]
[ECO "B38"]
[WhiteElo "1316"]
[BlackElo "1810"]
[Annotator "NA"]
[PlyCount "88"]
[EventDate "2020.03.04"]
[EventType "swiss"]
[EventCountry "TUR"]
[SourceTitle "playchess.com"]
[Source "ChessBase"]
[SourceQuality "1"]
[TimeControl "5400+30"]

1. e4 c5 2. Nf3 d6 3. d4 cxd4 4. Nxd4 Nf6 5. f3 a6 ({Black should play} 5... e5 $11 6. Nb3 Be7) 6. c4 Nc6 7. Nc3 g6 8. Be3 Bg7 9. Be2 O-O 10. O-O h5 {[%emt 0:01:30] B38: Sicilian: Maroczy Bind with 5...Bg7 and 7...0-0.} 11. Qd2 Be6 (11... Bd7 $14) 12. Nxe6 fxe6 {[%emt 0:00:30] [#]} 13. Bh6 $146 ({White should try} 13. f4 $16) ({Predecessor:} 13. Rab1 Rc8 14. Rfc1 Ne5 15. Na4 Nfd7 16. b4 Nc6 17. c5 dxc5 18. Nxc5 Nxc5 19. Qxd8 Rfxd8 20. bxc5 {0-1 (55) Styggen-Tovizi,A Dos Hermanas 2003}) 13... Ne5 14. Bxg7 Kxg7 15. f4 Qb6+ 16. Kh1 Neg4 17. Bxg4 Nxg4 18. Rae1 Rac8 19. f5 Rxc4 20. h3 $1 Ne5 21. Qg5 ({White should play} 21. fxe6 $16 Qd8 22. b3) 21... Rf6 22. fxe6 Rxc3 23. bxc3 Rxe6 24. Qe3 ({White should play} 24. Qd2 $16) 24... Qxe3 25. Rxe3 Nc4 26. Ree1 Nd2 27. Rg1 Nxe4 28. Rb1 {[%emt 0:00:30] [#]} (28. c4 $1 $11) 28... b5 $1 ({Much worse is} 28... Nxc3 $6 29. Rxb7 Nxa2 30. Ra1 $11) 29. Rbc1 d5 30. Rgd1 $2 (30. Rc2 $17 {keeps fighting.}) 30... Nf2+ {[%emt 0:00:30] Double Attack} 31. Kg1 Nxd1 32. Rxd1 Re5 33. Kf2 Kf6 34. Kf3 Ke6 35. g4 h4 36. Rd4 Re1 37. Kf4 {[%emt 0:00:30] [#]} Re4+ $1 38. Kg5 Rxd4 $19 39. cxd4 Kf7 40. Kxh4 b4 41. Kg3 a5 42. Kf2 a4 43. Ke2 b3 44. axb3 a3 0-1

[Event "8th Ali Ipek Tournament 2020"]
[Site "Ankara"]
[Date "2020.03.04"]
[Round "1.16"]
[White "Genc, Arda"]
[Black "Muti, Erol"]
[Result "1/2-1/2"]
[ECO "A12"]
[WhiteElo "1734"]
[BlackElo "1237"]
[Annotator "NA RC"]
[PlyCount "96"]
[EventDate "2020.03.04"]
[EventType "swiss"]
[EventCountry "TUR"]
[SourceTitle "playchess.com"]
[Source "ChessBase"]
[SourceQuality "1"]
[TimeControl "5400+30"]

1. d4 Nf6 2. Nf3 d5 3. e3 Bg4 4. b3 e6 5. Bb2 Bb4+ 6. c3 Bd6 7. Be2 O-O 8. O-O Nbd7 9. c4 c6 10. h3 Bh5 11. Nc3 Rc8 12. Nd2 Bxe2 13. Qxe2 Bb8 14. f4 Qc7 15. Rac1 Rfe8 16. Qf3 Nf8 17. g3 Ng6 18. a4 Qd6 19. c5 Qc7 20. b4 a6 21. g4 Nh4 22. Qf2 Ng6 23. g5 Nd7 24. Nf3 f6 25. h4 Rf8 26. h5 Ne7 27. b5 Nf5 28. b6 Qd8 29. Nd1 Qe8 30. Qh2 Qe7 31. Rc2 fxg5 32. Nxg5 h6 33. Nf3 Nf6 34. Nh4 Nxh4 35. Qxh4 Qf7 36. Rh2 Ne4 37. Nc3 Nxc3 38. Bxc3 Rce8 39. Qg4 Qf5 40. Rg2 Rf7 41. Qxf5 exf5 42. Bd2 Re6 43. Rf3 Kh7 44. Rfg3 Ree7 45. Rg6 Re4 46. Kf2 Kh8 47. Kf3 Kh7 48. Re2 Rfe7 1/2-1/2

[Event "8th Ali Ipek Tournament 2020"]
[Site "Ankara"]
[Date "2020.03.04"]
[Round "1.18"]
[White "Ersahince, Umut Utku"]
[Black "Sahin, Ali Haydar"]
[Result "1-0"]
[ECO "B07"]
[WhiteElo "1645"]
[BlackElo "1296"]
[Annotator "NA RC"]
[PlyCount "79"]
[EventDate "2020.03.04"]
[EventType "swiss"]
[EventCountry "TUR"]
[SourceTitle "playchess.com"]
[Source "ChessBase"]
[SourceQuality "1"]
[TimeControl "5400+30"]

1. e4 d6 2. d4 g6 3. Nf3 Bg7 4. Bd3 Nf6 5. O-O O-O 6. Nbd2 Nc6 7. a4 a5 8. Re1 e5 9. dxe5 dxe5 10. Bb5 Bd7 11. Nc4 Re8 12. b3 Bg4 13. Qxd8 Rexd8 14. Bxc6 Bxf3 15. Bxb7 Rab8 16. gxf3 Rxb7 17. Nxa5 Rb6 18. Nc4 Re6 19. Be3 Nh5 20. a5 f5 21. a6 Nf4 22. a7 Ree8 23. Na5 Ne6 24. Nc6 Ra8 25. Ra5 f4 26. Bc5 Nd8 27. Nxd8 Rexd8 28. Rea1 h5 29. Rb5 Bf8 30. Bxf8 Kxf8 31. Rxe5 h4 32. Kg2 c6 33. Re6 Kf7 34. Rxc6 Rd2 35. h3 Rd7 36. Rca6 Rc7 37. R1a2 Kg7 38. b4 Kh6 39. b5 Rc5 40. b6 1-0

[Event "8th Ali Ipek Tournament 2020"]
[Site "Ankara"]
[Date "2020.03.04"]
[Round "1.19"]
[White "Ozkoca, Can"]
[Black "Ceylan, Arda"]
[Result "0-1"]
[ECO "A23"]
[WhiteElo "1312"]
[BlackElo "1637"]
[Annotator "NA RC"]
[PlyCount "59"]
[EventDate "2020.03.04"]
[EventType "swiss"]
[EventCountry "TUR"]
[SourceTitle "playchess.com"]
[Source "ChessBase"]
[SourceQuality "1"]
[TimeControl "5400+30"]

1. c4 Nf6 2. Nc3 e5 3. g3 c6 4. Bg2 d5 5. cxd5 cxd5 6. Qb3 e4 7. e3 Nc6 8. Nge2 Rb8 9. O-O Be6 10. Nf4 Ne5 11. Nxe6 fxe6 12. Qb5+ Nfd7 13. b3 Nf3+ 14. Kh1 Qf6 15. d4 g5 16. Nxd5 exd5 17. Qxd5 Qc6 18. Qf5 Qg6 19. Bh3 Qxf5 20. Bxf5 Nf6 21. Bb2 Bd6 22. Rac1 Ke7 23. Rc2 g4 24. Rd1 h5 25. d5 h4 26. Bxf6+ Kxf6 27. Bxg4 Rbg8 28. Rg1 hxg3 29. fxg3 Bxg3 30. Rxg3 0-1

[Event "8th Ali Ipek Tournament 2020"]
[Site "Ankara"]
[Date "2020.03.04"]
[Round "1.20"]
[White "Ergani, Efe"]
[Black "Ataseven, Huseyin"]
[Result "1-0"]
[ECO "D79"]
[WhiteElo "1668"]
[BlackElo "1284"]
[Annotator "NA RC"]
[PlyCount "67"]
[EventDate "2020.03.04"]
[EventType "swiss"]
[EventCountry "TUR"]
[SourceTitle "playchess.com"]
[Source "ChessBase"]
[SourceQuality "1"]
[TimeControl "5400+30"]

1. Nf3 Nf6 2. g3 g6 3. Bg2 Bg7 4. O-O O-O 5. d4 d5 6. c4 c6 7. cxd5 cxd5 8. Ne5 Nc6 9. Nc3 Qb6 10. Nxc6 bxc6 11. Na4 Qa5 12. Bd2 Qb5 13. Rc1 Ne4 14. Be3 Ba6 15. Re1 f6 16. f3 Nd6 17. Bf2 f5 18. e3 Qd3 19. Qxd3 Bxd3 20. Nc5 Bb5 21. a4 Bc4 22. b3 Rfb8 23. bxc4 Nxc4 24. Ne6 Rb2 25. Nxg7 Kxg7 26. e4 Kf7 27. exd5 cxd5 28. f4 e6 29. Rxc4 Rab8 30. Rc7+ Kf6 31. Rxa7 Ra2 32. g4 fxg4 33. Bh4+ g5 34. Bxg5+ 1-0

[Event "8th Ali Ipek Tournament 2020"]
[Site "Ankara"]
[Date "2020.03.05"]
[Round "2.5"]
[White "Akin, Yagizcinar"]
[Black "Yenice, Yusuf Erkan"]
[Result "1-0"]
[ECO "C00"]
[WhiteElo "1861"]
[BlackElo "1514"]
[Annotator "NA RC"]
[PlyCount "67"]
[EventDate "2020.03.04"]
[EventType "swiss"]
[EventCountry "TUR"]
[SourceTitle "playchess.com"]
[Source "ChessBase"]
[SourceQuality "1"]
[TimeControl "5400+30"]

1. e4 c5 2. Nf3 e6 3. g3 Nc6 4. Bg2 Be7 5. O-O d6 6. c3 Nf6 7. Qe2 O-O {[%emt 0:02:30] C00: French: Unusual White 2nd moves.} 8. d4 cxd4 9. cxd4 e5 10. d5 Nb8 11. h3 b6 {[%emt 0:07:30] [#]} 12. b4 $146 ({Predecessor:} 12. Re1 a5 13. Nc3 Nbd7 14. Nh2 Ba6 15. Qe3 b5 16. g4 Nc5 17. Ne2 b4 18. Rd1 {½-½ (36) Jablonski,N (2211)-Brethes,F (2080) Aix les Bains 2003}) 12... a5 {[%emt 0:07:30] [#]} 13. b5 $1 Nbd7 14. Ba3 g6 15. Nbd2 Ne8 16. Nc4 f6 17. Nfd2 Nc5 18. Bxc5 dxc5 19. f4 exf4 20. gxf4 Bd6 21. e5 Bb8 22. d6 Ra7 23. Rad1 Be6 24. Ne4 f5 $2 (24... Raf7 25. a4 Kh8) 25. Ng5 Ng7 26. Nxe6 Nxe6 27. Bd5 Re8 28. Bxe6+ Rxe6 29. Qg2 Rg7 30. Qd5 Kf7 31. Kh2 Ba7 32. Qb7+ $18 Kf8 33. d7 Bb8 34. Qxb8 1-0

[Event "8th Ali Ipek Tournament 2020"]
[Site "Ankara"]
[Date "2020.03.05"]
[Round "2.8"]
[White "Alkan, Ferman"]
[Black "Pamuk, Yagiz"]
[Result "1-0"]
[ECO "A50"]
[WhiteElo "1858"]
[BlackElo "1385"]
[Annotator "NA RC"]
[PlyCount "95"]
[EventDate "2020.03.04"]
[EventType "swiss"]
[EventCountry "TUR"]
[SourceTitle "playchess.com"]
[Source "ChessBase"]
[SourceQuality "1"]
[TimeControl "5400+30"]

1. c4 b6 2. d4 Nf6 3. Nc3 Bb7 4. f3 e6 5. a3 d5 6. Bg5 {[%emt 0:00:30] A50: Queen's Fianchetto Defence (1 d4 Nf6 2 c4 b6).} Be7 7. e3 O-O 8. Bd3 c5 9. Nge2 Nc6 {[%emt 0:01:30] [#]} 10. dxc5 $146 ({Predecessor:} 10. O-O Rc8 11. cxd5 exd5 12. Bf5 Rb8 13. Qd3 g6 14. Bh3 cxd4 15. exd4 Bc8 16. Bxc8 Rxc8 {0-1 (60) Fernandez,M (2106)-Nejanky,M (2057) Buenos Aires 2010}) 10... dxc4 11. Bxc4 Bxc5 12. b4 Be7 13. O-O Qxd1 ({Black should play} 13... Ne5 $15 14. Bb3 a5) 14. Raxd1 Rad8 15. Bf4 Rxd1 16. Rxd1 Rd8 17. Rxd8+ Bxd8 18. e4 Nd7 19. Bb3 Bf6 20. Be3 Nde5 21. h3 Nd7 22. f4 e5 23. f5 Nd4 24. Ba4 Nb8 25. Kf2 a6 26. Nc1 b5 27. Bd1 Be7 28. Nd3 Bd6 29. a4 a5 (29... Bc6 $11 {keeps the balance.}) 30. bxa5 b4 (30... bxa4 $16 31. Bxa4 Bc7) 31. Bxd4 (31. Nb5 $18 Bxe4 32. Nxe5 (32. Nxd4 exd4 33. Bf4 Bxf4 $11) 32... Bxe5 33. Bxd4 (33. Nxd4 Bc7 $16) 33... Bxd4+ 34. Nxd4) 31... exd4 {[%emt 0:00:30] [#]} 32. Nd5 (32. Nb5 $142 $1 Bxe4 33. Nxd6 Bxd3 $16 34. Nb5) 32... Na6 (32... Nc6 $14) 33. Bb3 Nc5 34. Nxc5 ({Inferior is} 34. N3xb4 Nxb3 35. a6 Ba8 $17) 34... Bxd5 (34... Bxc5 $142 35. Ke1 Kf8) 35. Bxd5 Bxc5 36. Ke2 Kf8 37. Kd3 Ke7 38. Kc4 $2 (38. e5 $18 {is the precise move to win.} Ba7 39. Kc4) 38... Kd6 39. e5+ Kxe5 40. Kxc5 d3 41. a6 d2 42. Bb3 Ke4 43. a7 Kd3 44. a8=Q Kc3 45. Qf3+ Kb2 46. Qd1 Ka3 47. Kc4 f6 48. Qa1# 1-0

[Event "8th Ali Ipek Tournament 2020"]
[Site "Ankara"]
[Date "2020.03.05"]
[Round "2.9"]
[White "Bayramiclilar, Yusuf Ruzgar"]
[Black "Caberoglu, Arda"]
[Result "0-1"]
[ECO "E11"]
[WhiteElo "1435"]
[BlackElo "1784"]
[Annotator "NA RC"]
[PlyCount "84"]
[EventDate "2020.03.04"]
[EventType "swiss"]
[EventCountry "TUR"]
[SourceTitle "playchess.com"]
[Source "ChessBase"]
[SourceQuality "1"]
[TimeControl "5400+30"]

1. d4 Nf6 2. c4 e6 3. Nf3 Bb4+ 4. Bd2 Qe7 5. a3 Bxd2+ 6. Qxd2 b6 7. Nc3 Bb7 8. e3 O-O 9. Be2 d6 10. O-O Nbd7 11. Rfd1 Ne4 12. Qc2 f5 13. Nd2 Nxd2 14. Rxd2 Qg5 15. Bf1 f4 16. e4 Nf6 17. f3 c6 18. d5 cxd5 19. exd5 exd5 20. cxd5 Rac8 21. Qa4 Kh8 22. Qxa7 Bxd5 23. Nxd5 Nxd5 24. Qb7 Ne3 25. Qxb6 d5 26. a4 Rf6 27. Qb7 Rfc6 28. a5 h5 29. Qb5 Rc1 30. Rxc1 Rxc1 31. Rf2 Rxf1+ 32. Qxf1 Nxf1 33. Rxf1 Qe5 34. Rb1 d4 35. b4 d3 36. b5 d2 37. Kf1 Qc3 38. Kf2 Qe3+ 39. Kf1 Qd3+ 40. Kf2 Qxb1 41. a6 d1=Q 42. a7 Qe1# 0-1